 Dungeon Crawl Stone Soup version 0.22.1-1-ga44c0e5 (webtiles) character file.

256 Garbasso the Slasher (level 5, 0/43 HPs)
             Began as a Demonspawn Fighter on Oct 11, 2018.
             Killed by divine providence
             ... invoked by an orc priest
              (17 damage)
             ... on level 4 of the Dungeon.
             The game lasted 00:10:16 (3035 turns).

Garbasso the Slasher (Demonspawn Fighter)           Turns: 3035, Time: 00:10:18

Health: 0/43       AC: 11    Str: 16    XL:     5   Next: 92%
Magic:  5/5        EV:  4    Int: 13    God:
Gold:   123        SH:  8    Dex: 12    Spells: 4/4 levels left

rFire    . . .     SeeInvis .   a - +0 long sword
rCold    . . .     Gourm    .   c - +0 shield
rNeg     . . .     Faith    .   e - +0 chain mail
rPois    .         Spirit   .   y - +0 helmet
rElec    .         Reflect  .   (no cloak)
rCorr    .         Harm     .   (no gloves)
MR       .....                  (no boots)
Stlth    ..........             (no amulet)
HPRegen  0.14/turn              o - +2 ring of intelligence
MPRegen  0.09/turn              (no ring)

@: drained
A: hooves 2, slimy green scales 1, spiny 1
a: no special abilities


You were on level 4 of the Dungeon.
You were not hungry.

You visited 1 branch of the dungeon, and saw 4 of its levels.

You collected 123 gold pieces.

Inventory:

Hand Weapons
 a - a +0 long sword (weapon)
 b - a +0 blowgun
Missiles
 m - 12 sling bullets
 u - 6 tomahawks (quivered)
 v - 5 curare-tipped needles
Armour
 c - a +0 shield (worn)
 e - a +0 chain mail (worn)
 y - a +0 helmet (worn)
Jewellery
 o - a +2 ring of intelligence (left hand)
 s - an uncursed amulet of magic regeneration
Wands
 r - a wand of polymorph (7)
Scrolls
 h - 2 scrolls of blinking {unknown}
 i - a scroll of immolation {unknown}
 j - a scroll of amnesia {unknown}
 k - a scroll of teleportation
 l - 4 scrolls of remove curse
 n - a scroll of noise {unknown}
 x - a scroll of fear {unknown}
 A - a scroll of identify
Potions
 d - a potion of might
 p - a potion of lignification {unknown}
 q - 2 potions of magic
 t - a potion of flight {unknown}
 w - 2 potions of curing
 z - a potion of invisibility
Comestibles
 f - 4 rations


   Skills:
 + Level 4.5(4.0) Fighting
 * Level 4.8(4.3) Long Blades
 - Level 2.6(2.2) Armour
 - Level 2.6(2.2) Shields


You had 4 spell levels left.
You didn't know any spells.
Your spell library was empty.

Dungeon Overview and Level Annotations

Branches:
Dungeon (4/15)
 Temple: D:4-7

Altars:
Elyvilon


Innate Abilities, Weirdness & Mutations

You have hoof-like feet.
You are partially covered in slimy green scales. (AC +2)
You are partially covered in sharp spines.


Message History

The howler monkey is struck by your spines.
The howler monkey hits you.
You closely miss the howler monkey. Your kick misses the howler monkey.
The howler monkey is moderately wounded.
The howler monkey hoots and howls with incredible vigour!
The howler monkey is struck by your spines.
The howler monkey hits you but does no damage.
You hear an angry hiss.
You hear a bark!
You closely miss the howler monkey. Your kick misses the howler monkey.
The howler monkey is heavily wounded.
The howler monkey is struck by your spines.
The howler monkey hits you but does no damage.
You closely miss the howler monkey.
The howler monkey is severely wounded.
You block the howler monkey's attack.
The orc wizard mumbles some strange words.
The orc wizard blinks!
The orc priest mumbles some strange prayers to Beogh against you.
Beogh smites you!
You die...

...# > ...#
o. +#...#o.
#####.....###
#......(.....
#....o.♣.....
#.?o.o.......
#####ho...###
##.@#...#+
#...#...#
#<.##...#
#### ....#
##(## .# .#


You could see a howler monkey, an orc priest and 2 orcs.

Vanquished Creatures
  An orc priest (D:3)
  Jessica (D:2)
  Ijyb (D:2)
  A worker ant (D:4)
  Robin (D:3)
  4 adders
  A worm (D:2)
  A dart slug (D:1)
  2 leopard geckos (D:2)
  7 orcs
  6 giant cockroaches
  19 goblins
  17 hobgoblins
  3 jackals (D:1)
  7 kobolds
  A quokka (D:3)
  A ball python (D:3)
  5 bats
  2 frilled lizards
  7 rats
88 creatures vanquished.

Notes
Turn   | Place    | Note
-------+----------+-------------------------------------------
     0 | D:1      | Garbasso the Demonspawn Fighter began the quest for the
                  | Orb.
     0 | D:1      | Reached XP level 1. HP: 18/18 MP: 1/1
   275 | D:1      | Gained mutation: You have large cloven feet. [demonic
                  | ancestry]
   275 | D:1      | Reached XP level 2. HP: 21/24 MP: 2/2
   817 | D:2      | Noticed Jessica
   826 | D:2      | Killed Jessica
   826 | D:2      | Gained mutation: You are partially covered in sharp spines.
                  | [demonic ancestry]
   826 | D:2      | Reached XP level 3. HP: 21/29 MP: 3/3
  1017 | D:1      | Gained mutation: You have hoof-like feet. [demonic
                  | ancestry]
  1017 | D:1      | Reached XP level 4. HP: 20/37 MP: 4/4
  1523 | D:2      | Noticed Ijyb
  1564 | D:2      | Killed Ijyb
  1958 | D:2      | Gained mutation: You are partially covered in slimy green
                  | scales. (AC +2) [demonic ancestry]
  1958 | D:2      | Reached XP level 5. HP: 31/42 MP: 5/5
  2723 | D:3      | Noticed Robin
  2751 | D:3      | Killed Robin
  2823 | D:3      | Found a white marble altar of Elyvilon.
  3035 | D:4      | Killed from afar by an orc priest

Skill      XL: |  1  2  3  4 |
---------------+-------------+-----
Long Blades    | 2 3 4 |  4.8
Fighting       | 4 |  4.5
Armour         | |  2.6
Shields        | |  2.6

Action                   |  1- 3 |  4- 6 || total
-------------------------+-------+-------++-------
Melee: Long sword        |    68 |   113 ||   181
       Kick              |    12 |    30 ||    42
       Unarmed           |       |    10 ||    10
Throw: Tomahawk          |       |     3 ||     3
  Use: Scroll            |       |     5 ||     5
 Stab: Confused          |       |     1 ||     1
  Eat: Chunk             |       |     4 ||     4
       Ration            |       |     1 ||     1
Armor: Chain mail        |    44 |    66 ||   110
       Skin              |       |     1 ||     1
Dodge: Dodged            |    16 |    18 ||    34
Block: Shield            |    41 |    55 ||    96
       Rpst.: Long sword |     4 |     5 ||     9
